 Dungeon Crawl Stone Soup version 0.21-a0-380-gd65dc97 (webtiles) character file.

42 wazuzu the Twirler (level 3, -6/30 HPs)
             Began as a Minotaur Gladiator on Oct 17, 2017.
             Mangled by a gnoll
             ... wielding a +0 flail
              (16 damage)
             ... on level 2 of the Dungeon.
             The game lasted 00:01:48 (792 turns).

wazuzu the Twirler (Minotaur Gladiator)              Turns: 792, Time: 00:01:49

Health: -6/30      AC:  3    Str: 19    XL:     3   Next: 35%
Magic:  2/2        EV: 12    Int:  5    God:
Gold:   35         SH:  0    Dex: 11    Spells: 2/2 levels left

rFire    . . .     SeeInvis .   a - +0 quarterstaff
rCold    . . .     Gourm    .   (shield currently unavailable)
rNeg     . . .     Faith    .   b - +0 leather armour
rPois    .         Spirit   .   c - +0 hat
rElec    .         Reflect  .   (no cloak)
rCorr    .         Harm     .   (no gloves)
MR       .....                  (no boots)
Stlth    +.........             (no amulet)
HPRegen  0.10/turn              (no ring)
MPRegen  0.08/turn              (no ring)

@: no status effects
A: retaliatory headbutt, horns 2
a: no special abilities


You were on level 2 of the Dungeon.
You were not hungry.

You visited 1 branch of the dungeon, and saw 2 of its levels.

You collected 35 gold pieces.

Inventory:

Hand Weapons
 a - a +0 quarterstaff (weapon)
Missiles
 d - 3 throwing nets (quivered)
Armour
 b - a +0 leather armour (worn)
 c - a +0 hat (worn)
Potions
 e - a potion of might {unknown}
 i - a potion of ambrosia {unknown}
Comestibles
 f - a bread ration
 g - a chunk of flesh
 h - a royal jelly
 j - 2 fruits


   Skills:
 - Level 2.4 Fighting
 + Level 5.4 Staves
 - Level 2.0 Throwing
 - Level 3.2 Dodging


You had 2 spell levels left.
You didn't know any spells.

Dungeon Overview and Level Annotations

Branches:
Dungeon (2/15)

Altars:


Innate Abilities, Weirdness & Mutations

You reflexively headbutt those who attack you in melee.
You have a pair of horns on your head.


Message History

The gnoll completely misses you.
You completely miss the gnoll. The gnoll misses you.
The gnoll hits you from afar with an enchanted spear.
You thump the gnoll!
The gnoll is almost dead.
The gnoll hits you with a whip. The gnoll misses you.
You are too injured to fight recklessly!
You are too injured to fight recklessly!
You hit the gnoll.
You kill the gnoll!
The gnoll hits you from afar with an enchanted spear.
The gnoll barely misses you.
You barely miss the gnoll.
The gnoll hits you from afar with an enchanted spear!
* * * LOW HITPOINT WARNING * * *
You hit the gnoll. Your headbutt misses the gnoll.
The gnoll is moderately wounded.
The gnoll hits you with a flail!
Ouch! That really hurt!
You die...

#.......# #.#
#.......####.###
#.......#......####
#.......#..........
#...#####......####
#...# #......# #
#...# #......# #
#...# #......# #
##@## #.....†# #
#g# ####...# #
#......Kg.# #...# #
#.........# #...#
#.).....%.# #...#
#.........# #...#
#.........# #####
#..........
####..#.#...


You could see 2 gnolls and a kobold.

Vanquished Creatures
  2 gnolls (D:2)
  A leopard gecko (D:1)
  3 giant cockroaches (D:1)
  2 hobgoblins (D:1)
  3 bats (D:1)
  A frilled lizard (D:1)
  5 goblins
  2 kobolds (D:1)
  5 rats (D:1)
24 creatures vanquished.

Notes
Turn   | Place    | Note
-------+----------+-------------------------------------------
     0 | D:1      | wazuzu the Minotaur Gladiator began the quest for the Orb.
     0 | D:1      | Reached XP level 1. HP: 18/18 MP: 0/0
   148 | D:1      | Reached skill level 4 in Staves
   160 | D:1      | Reached XP level 2. HP: 25/25 MP: 1/1
   783 | D:2      | Reached skill level 5 in Staves
   783 | D:2      | Reached XP level 3. HP: 30/30 MP: 2/2
   792 | D:2      | Mangled by a gnoll

Vault maps used:
D:1:      dpeg_arrival_central, minmay_misc_feat_five,
          hangedman_abyss_or_decor_lesser_grid

Skill      XL: |  1  2 |
---------------+-------+-----
Staves         | 4 5 |  5.4
Fighting       | |  2.4
Throwing       | |  2.0
Dodging        | |  3.2

Action                   || total
-------------------------++-------
Melee: Quarterstaff      ||    49
       Headbutt          ||     6
Armor: Leather armour    ||    13
Dodge: Dodged            ||    33

Table legend:
 A = Spawn XP
 B = Non-spawn XP
 C = Spawn XP percentage of total XP
 D = Spawn monster count
 E = Non-spawn monster count
 F = Spawn count percentage of total count
 G = Total turns spent on level
                    A         B        C        D         E        F      G
               +---------+---------+-------+---------+---------+-------+---------
         Total |       0 |      61 |   0.0 |       0 |      24 |   0.0 |   792
               +---------+---------+-------+---------+---------+-------+---------
           D:1 |       0 |      31 |   0.0 |       0 |      21 |   0.0 |   700
           D:2 |       0 |      30 |   0.0 |       0 |       3 |   0.0 |    92
               +---------+---------+-------+---------+---------+-------+---------
